 Dungeon Crawl Stone Soup version 0.27.1-34-g3ba077fa99 (webtiles) character file.

Game seed: 5787418027159452278

53 mcbry74 the Chopper (level 3, 0/31 HPs)
             Began as a Minotaur Berserker on Jan 26, 2022.
             Was a Believer of Trog.
             Slain by an adder (4 damage)
             ... on level 2 of the Dungeon.
             The game lasted 00:02:52 (1560 turns).

mcbry74 the Chopper (Minotaur Berserker)            Turns: 1560, Time: 00:02:53

Health: 0/31       AC:  2    Str: 22    XL:     3   Next: 62%
Magic:  2/2        EV: 12    Int:  4    God:    Trog [**....]
Gold:   66         SH:  0    Dex:  9    Spells: 2/2 levels left

rFire    . . .     SeeInvis .   a - +0 hand axe
rCold    . . .     Faith    +   (no shield)
rNeg     . . .     Spirit   .   b - +0 animal skin
rPois    .         Reflect  .   (helmet restricted)
rElec    .         Harm     .   (no cloak)
rCorr    .         Rampage  .   (no gloves)
Will     .....                  (no boots)
Stlth    +.........             c - amulet of faith
HPRegen  0.10/turn              (no ring)
MPRegen  0.08/turn              (no ring)

@: lethally poisoned (0 -> -6)
A: horns 2, retaliatory headbutt
a: Renounce Religion, Berserk, Trog's Hand


You were on level 2 of the Dungeon.
You worshipped Trog.
Trog was pleased with you.
You visited 1 branch of the dungeon, and saw 2 of its levels.

You collected 66 gold pieces.

Inventory:

Hand Weapons
 a - a +0 hand axe (weapon)
Missiles
 j - 13 poisoned darts (quivered)
 k - 13 stones
Armour
 b - a +0 animal skin (worn)
 d - a +0 kite shield
Jewellery
 c - an amulet of faith (around neck)
Scrolls
 f - a scroll of fog {unknown}
 h - a scroll of teleportation {unknown}
Potions
 e - a potion of curing {unknown}
 g - a potion of haste {unknown}
 i - a potion of heal wounds {unknown}


   Skills:
 - Level 3.6 Fighting
 + Level 5.6 Axes
 - Level 2.4 Armour
 - Level 2.1 Dodging


You had 2 spell levels left.
You didn't know any spells.
Your spell library was empty.

Dungeon Overview and Level Annotations

Branches:
Dungeon (2/15)

Altars:


Innate Abilities, Weirdness & Mutations

You have a pair of horns on your head.
You reflexively headbutt those who attack you in melee.


Message History

The giant cockroach misses you. You furiously retaliate!
You headbutt the giant cockroach!
You kill the giant cockroach!
Trog accepts your kill.
You hit the rat but do no damage.
You feel sick.
You are no longer poisoned.
The rat barely misses you. You furiously retaliate!
You headbutt the rat!
You kill the rat!
Trog accepts your kill.
A bat comes into view.
The bat moves out of view.
You barely miss the goblin. You headbutt the goblin.
You kill the goblin!
Trog accepts your kill.
An adder comes into view.
There is a stone staircase leading up here.
You start resting.
An adder is nearby!
You barely miss the adder. You headbutt the adder.
The adder is lightly wounded.
The adder bites you.
You are poisoned.
The adder poisons you!
You hit the adder but do no damage.
The adder is lightly wounded.
You feel sick. The adder barely misses you. The adder bites you.
You completely miss the adder. You headbutt the adder.
The adder is heavily wounded.
You feel sick. The adder bites you.
You barely miss the adder.
The adder is heavily wounded.
You feel sick. The adder bites you.
* * * LOW HITPOINT WARNING * * *
You are lethally poisoned!
The adder poisons you!
You closely miss the adder.
The adder is heavily wounded.
* * * LOW HITPOINT WARNING * * *
You feel sick. The adder bites you.
You die...

.. ##.### .....#
.....
...#####...
...r.....# #.#
#†#######
#.@.....#
#.S.....#
##.#####.......#
...............#
#..###........#
#...#........#
#..........#
####.)......#
####..........>#


You could see an adder.

Vanquished Creatures
  An adder (D:2)
  4 ball pythons (D:1)
  3 bats (D:1)
  5 endoplasms (D:1)
  4 giant cockroaches
  3 goblins
  4 hobgoblins (D:1)
  4 jackals (D:1)
  2 quokkas
  A frilled lizard (D:2)
  2 kobolds
  5 rats
38 creatures vanquished.

Vanquished Creatures (others)
  A plant (D:1)
1 creature vanquished.

Grand Total: 39 creatures vanquished

Notes
Turn   | Place    | Note
-------+----------+-------------------------------------------
     0 | D:1      | mcbry74 the Minotaur Berserker began the quest for the Orb.
     0 | D:1      | Reached XP level 1. HP: 19/19 MP: 0/0
    38 | D:1      | Reached skill level 4 in Axes
   178 | D:1      | Reached XP level 2. HP: 22/26 MP: 1/1
   848 | D:1      | Reached skill level 5 in Axes
   892 | D:1      | Reached ** piety under Trog
  1003 | D:1      | Reached XP level 3. HP: 31/31 MP: 2/2
  1014 | D:1      | Found a faded altar of an unknown god.
  1560 | D:2      | Slain by an adder

Illustrated notes

Levels and vault maps discovered:
D:1:      amcnicky_arrival_blooded_trapdoor, layout_basic,
          shapermc_ecumenical_altar_flowoftime, minmay_tiny_reverse_x
D:2:      layout_rooms, serial_shops, nicolae_shop_behind_doors,
          minmay_hexomino_c4

Skill      XL: |  1  2 |
---------------+-------+-----
Axes           | 4 5 |  5.6
Fighting       | |  3.6
Armour         | |  2.4
Dodging        | |  2.1

Action                   || total
-------------------------++-------
Melee: Hand axe          ||    80
       Headbutt          ||    16
Armor: Animal skin       ||    21
Dodge: Dodged            ||    49
